 Dungeon Crawl Stone Soup version 0.26-a0-672-g1df16c3386 (webtiles) character file.

Game seed: 1465485230539233619

5 marklar909 the Skirmisher (level 1, -2/18 HPs)
             Began as a Formicid Abyssal Knight on Oct 20, 2020.
             Was an Initiate of Lugonu.
             Slain by a jackal (3 damage)
             ... on level 1 of the Dungeon.
             The game lasted 00:00:32 (173 turns).

marklar909 the Skirmisher (Formicid Abyssal Knight)  Turns: 173, Time: 00:00:32

Health: -2/18      AC:  4    Str: 16    XL:     1   Next: 88%
Magic:  2/2        EV: 11    Int: 11    God:    Lugonu [......]
Gold:   19         SH:  0    Dex: 10    Spells: 0/0 levels left

rFire    . . .     SeeInvis +   a - +1 mace
rCold    . . .     Faith    .   (no shield)
rNeg     . . .     Spirit   .   b - +0 leather armour
rPois    .         Reflect  .   (helmet unavailable)
rElec    .         Harm     .   (no cloak)
rCorr    .         Rampage  .   d - +0 pair of gloves
MR       .....                  (no boots)
Stlth    +.........             (no amulet)
HPRegen  0.06/turn              (no ring)
MPRegen  0.08/turn              (no ring)

@: no status effects
A: permanent stasis, dig shafts and tunnels, four strong arms, antennae 3
a: Dig, Shaft Self, Renounce Religion


You were on level 1 of the Dungeon.
You worshipped Lugonu.
Lugonu was noncommittal.
You visited 1 branch of the dungeon, and saw 1 of its levels.
You visited the Abyss 1 time.

You collected 19 gold pieces.

Inventory:

Hand Weapons
 a - a +1 mace (weapon)
Armour
 b - a +0 leather armour (worn)
 d - a +0 pair of gloves (worn)
Scrolls
 e - a scroll of magic mapping {unknown}
Potions
 c - a potion of flight {unknown}


   Skills:
 + Level 3.5 Fighting
 + Level 2.0 Maces & Flails
 + Level 2.2 Armour
 + Level 0.9 Dodging
 + Level 2.2 Invocations


You couldn't memorise any spells.
You didn't know any spells.
Your spell library was empty.

Dungeon Overview and Level Annotations

Branches:
Dungeon (1/15)

Altars:


Innate Abilities, Weirdness & Mutations

You cannot be hasted, slowed, berserked, paralysed or teleported.
You can dig through walls and to a lower floor.
Your four strong arms can wield two-handed weapons with a shield.
You have a pair of large antennae on your head. (SInv)


Message History

The giant cockroach closely misses you. The giant cockroach bites you.
* * * LOW HITPOINT WARNING * * *
You barely miss the giant cockroach.
The giant cockroach is heavily wounded.
The giant cockroach bites you but does no damage.
The giant cockroach misses you.
You completely miss the giant cockroach.
The giant cockroach is heavily wounded.
The giant cockroach bites you.
* * * LOW HITPOINT WARNING * * *
You hit the giant cockroach.
You kill the giant cockroach!
Lugonu accepts your kill.
Unknown command.
Okay, then.
You barely miss the jackal.
The jackal bites you but does no damage.
The jackal barely misses you.
You miss the jackal. The jackal barely misses you. The jackal bites you.
You die...

. ..# .####..#.
......... ###
##......(. ...
.......>. #.#
#...#.... #.#
#...#.... #.#
##..$#....## # #@#
#......##.##. #h#
#.?....##.##..
#h###......##.##..
#lh..h.........###
#####...........##
#.............
#..........#..
#..........###
####.##....###


You could see 3 jackals and a frilled lizard.

Vanquished Creatures
  A dart slug (D:1)
  A giant cockroach (D:1)
  A jackal (D:1)
3 creatures vanquished.

Notes
Turn   | Place    | Note
-------+----------+-------------------------------------------
     0 | Abyss:1  | marklar909 the Formicid Abyssal Knight began the quest for
                  | the Orb.
     0 | Abyss:1  | Reached XP level 1. HP: 18/18 MP: 2/2
    18 | Abyss:1  | Found a stormy altar of Qazlal.
    58 | Abyss:1  | Noticed an orange demon
    88 | Abyss:1  | Noticed a daeva
    89 | D:1      | Escaped the Abyss
   173 | D:1      | Slain by a jackal

Illustrated notes

Levels and vault maps discovered:
D:1:      lightli_iron_boxes, layout_basic

Action                   || total
-------------------------++-------
Melee: Mace              ||    16
Invok: Depart the Abyss  ||     1
Armor: Leather armour    ||    20
Dodge: Dodged            ||    27

Table legend: (Time is in decaauts)
 A = Elapsed time spent in this place.
 B = Non-inter-level travel time spent in this place.
 C = Inter-level travel time spent in this place.
 D = Time resting spent in this place.
 E = Time spent auto-exploring this place.
 F = Levels seen in this place.
 G = Mean time per level.
                   A        B        C        D        E       F      G
               +--------+--------+--------+--------+--------+-----+--------+
         Total |    177 |    172 |      5 |      0 |     96 |   2 |   88.5 |
       Dungeon |     88 |     83 |      5 |      0 |     38 |   1 |   88.0 |
         Abyss |     89 |     89 |      0 |      0 |     58 |   1 |   89.0 |
               +--------+--------+--------+--------+--------+-----+--------+

Top non-repeatable levels by time:
 Abyss:1: 89 daAuts
     D:1: 88 daAuts
